AoeStats
← TrissTess

Arabia

509799292Analyzed
1v1 RM · 5d ago on Sep 28, 2026· 51m 45s· 2 players
Game mode
Random Map
Map size
Tiny (2 player)
Population
200
Speed
Normal
Resources
Standard
Victory
Conquest
Starting age
Dark Age
Ending age
Imperial Age
RankedLock teamsTeams togetherTeam positionsShared explorationLock speedFull tech treeHidden civsTurbo modeCheats
Victory
Defeat
🇨🇦 Vietnamese · Canada
986
+17
🇨🇱 Ethiopians · Chile
1003
-17
TrissTess
5:03 Loom
11:44 Feudal Age
14:59 Wheelbarrow
14:21 Double-Bit Axe
14:54 Fletching
20:15 Castle Age
18:23 Horse Collar
20:04 Padded Archer Armor
20:24 Crossbowman
22:18 Thumb Ring
22:56 Hand Cart
22:44 Town Watch
22:50 Town Watch
27:00 Bow Saw
27:14 Elite Skirmisher
35:00 Imperial Age
34:52 Bodkin Arrow
35:57 Leather Archer Armor
36:20 Heavy Plow
37:16 Imperial Skirmisher
38:29 Ring Archer Armor
37:59 Bracer
39:26 Bracer
39:52 Scale Barding Armor
39:58 Forging
40:12 Ballistics
41:14 Chatras
40:59 Light Cavalry
41:49 Bloodlines
41:40 Husbandry
42:44 Chain Barding Armor
44:34 Arbalester
47:39 Iron Casting
_atheris_
10:11 Feudal Age
19:15 Fletching
22:58 Castle Age
22:31 Padded Archer Armor
23:44 Crossbowman
24:23 Bodkin Arrow
26:36 Thumb Ring
26:40 Elite Skirmisher
31:09 Ballistics
31:09 Squires
35:32 Loom
35:51 Royal Heirs
35:46 Horse Collar
37:43 Double-Bit Axe
40:05 Light Cavalry
40:49 Husbandry
43:33 Imperial Age
43:25 Scale Barding Armor
43:31 Forging
45:27 Wheelbarrow
47:02 Conscription
46:33 Hussar
46:46 Hussar
49:08 Chain Barding Armor
Connection lost

Rejoining the realm…

Still unreachable

The connection could not be restored.

Session expired

The server has moved on; the page needs a fresh start.